 Dungeon Crawl Stone Soup version 0.28.0-47-ge53b351184 (webtiles) character file.

Game seed: 12223399279137130079

420 warriortoast the Magician (level 6, -7/32 HPs)
             Began as a Deep Elf Fire Elementalist on Apr 26, 2022.
             Mangled by a mummy (14 damage)
             ... in an ossuary.
             The game lasted 00:16:18 (4554 turns).

warriortoast the Magician (DEFE)                    Turns: 4554, Time: 00:16:19

Health: -7/32      AC:  6    Str:  5    XL:     6   Next: 62%
Magic:  3/16       EV: 12    Int: 22    God:
Gold:   51         SH:  0    Dex: 15    Spells: 6/16 levels left

rFire   . . .      SeeInvis .   i - +1 dagger (holy)
rCold   . . .      Faith    .   (no shield)
rNeg    . . .      Spirit   .   a - +0 robe
rPois   .          Reflect  .   q - +2 helmet
rElec   .          Harm     .   d - +0 cloak
rCorr   .          Rampage  .   (no gloves)
Will    .....                   (no boots)
Stlth   ++........              (no amulet)
HPRegen 0.10/turn               (no ring)
MPRegen 0.15/turn               (no ring)

@: no status effects
A: no striking features
a: no special abilities


You were in an ossuary.
You visited 1 branch of the dungeon, and saw 4 of its levels.
You also visited: Ossuary.

You collected 116 gold pieces.
You spent 65 gold pieces at shops.

Inventory:

Hand Weapons
 i - a +1 dagger of holy wrath (weapon)
 r - the +4 battleaxe of the Mosquito {vorpal, rPois rF+ rCorr Str+4}
   (You found it on level 4 of the Dungeon)

   It inflicts extra damage upon your enemies.
   Str:       It affects your strength (+4).
   rF:        It protects you from fire.
   rPois:     It protects you from poison.
   rCorr:     It protects you from acid and corrosion.
Armour
 a - a +0 robe (worn)
 d - a +0 cloak (worn)
 q - a +2 helmet (worn)
Magical Staves
 s - a staff of earth
Jewellery
 k - a ring of wizardry
 o - a ring of ice
Scrolls
 b - 2 scrolls of teleportation
 e - 2 scrolls of magic mapping {unknown}
 j - a scroll of fear {unknown}
 l - 2 scrolls of identify {unknown}
 p - a scroll of fog {unknown}
 t - a scroll of brand weapon {unknown}
 u - a scroll of vulnerability {unknown}
Potions
 c - 3 potions of heal wounds
 f - a potion of curing {unknown}
 g - 2 potions of brilliance {unknown}
 h - a potion of ambrosia {unknown}
 m - a potion of attraction {unknown}
 n - a potion of haste {unknown}


   Skills:
 - Level 2.4 Dodging
 - Level 2.4 Stealth
 + Level 5.5 Spellcasting
 + Level 3.9 Conjurations
 + Level 5.1 Fire Magic
 + Level 2.7 Air Magic


You had 6 spell levels left.
You knew the following spells:

 Your Spells              Type           Power      Damage    Failure   Level
a - Foxfire               Conj/Fire      100%       2x1d9     1%          1
b - Scorch                Fire           56%        2d7       1%          2
c - Conjure Flame         Conj/Fire      26%        6-21      4%          3
d - Shock                 Conj/Air       80%        1d8       2%          1
e - Swiftness             Air            18%        N/A       10%         3

Your spell library contained the following spells:

 Spells                   Type           Power      Damage    Failure   Level
 Beastly Appendage        Tmut           12%        N/A       10%         1
 Inner Flame              Hex/Fire       17%        N/A       10%         3
 Flame Wave               Conj/Fire      26%        2d7       16%         4
 Airstrike                Air            9%         N/A       30%         4
 Animate Dead             Necr           3%         N/A       67%         4
 Death Channel            Necr           3%         N/A       100%        6
 Storm Form               Tmut/Air       6%         N/A       100%        7


Dungeon Overview and Level Annotations

Branches:
Dungeon (4/15)            Ossuary (1/1)
 Temple: D:4-7

Altars:

Shops:
D:3 !


Message History

Casting: Scorch (safe; 1% risk of failure)
Confirm with . or Enter, or press ? or * to list all spells.
Flames lash the kobold zombie.
The kobold zombie is almost destroyed.
The kobold zombie's fire resistance burns away.
A mummy comes into view. x2
Casting: Scorch (safe; 1% risk of failure)
Confirm with . or Enter, or press ? or * to list all spells.
Flames lash the kobold zombie.
The kobold zombie is burned terribly!
You destroy the kobold zombie!
The gnoll zombie hits you but does no damage.
A mummy comes into view.
Casting: Scorch (safe; 1% risk of failure)
Confirm with . or Enter, or press ? or * to list all spells.
Flames lash the gnoll zombie.
The gnoll zombie is burned terribly!
You destroy the gnoll zombie!
Casting: Scorch (safe; 1% risk of failure)
Confirm with . or Enter, or press ? or * to list all spells.
Flames lash the kobold zombie.
You destroy the kobold zombie!
A hobgoblin zombie comes into view.
A mummy comes into view.
Casting: Scorch (safe; 1% risk of failure)
Confirm with . or Enter, or press ? or * to list all spells.
Flames lash the hobgoblin zombie.
You destroy the hobgoblin zombie!
As you read the scroll labelled APETOX OG EKU, it crumbles to dust.
You feel strangely unstable.
It was a scroll of teleportation.
Your surroundings suddenly seem different.
A mummy comes into view.
A mummy comes into view.
A mummy comes into view.
The mummy hits you!
A mummy comes into view.
The mummy hits you!
* * * LOW HITPOINT WARNING * * *
The orc zombie barely misses you. The mummy hits you.
* * * LOW HITPOINT WARNING * * *
The mummy hits you!
You die...

############
##.....M..... ..##
##......####. ...#
#..ZMZ.##..## .....
#..M..##....##.....
#...MMM.M..........
##....M...........#
##..@...........#
#+##........##+#
##......## ##....##
#....# #....#
#....# #....#
#....#


You could see 7 mummies, a hobgoblin zombie and an orc zombie.

Vanquished Creatures
  A necrophage (D:4)
  The ghost of BridgetMcLeod the Twirler, a weakling HuGl of Trog (D:3)
  A centaur skeleton (D:3)
  An iguana (D:4)
  9 adders
  3 gnolls (D:2)
  16 dart slugs
  An orc (D:2)
  3 bats
  10 endoplasms
  7 giant cockroaches
  2 gnoll zombies (Ossuary)
  7 goblins
  6 hobgoblins
  2 jackals (D:1)
  6 kobolds
  4 quokkas
  6 ball pythons
  5 frilled lizards
  A hobgoblin zombie (Ossuary)
  A jackal skeleton (D:4)
  2 kobold zombies (Ossuary)
  An orc zombie (Ossuary)
  A quokka skeleton (D:4)
  6 rats
103 creatures vanquished.

Vanquished Creatures (others)
  310 foxfires
310 creatures vanquished.

Grand Total: 413 creatures vanquished

Notes
Turn   | Place    | Note
-------+----------+-------------------------------------------
     0 | D:1      | warriortoast the Deep Elf Fire Elementalist began the quest
                  | for the Orb.
     0 | D:1      | Reached XP level 1. HP: 10/10 MP: 6/6
    42 | D:1      | Noticed a shining eye
    44 | D:1      | Found a faded altar of an unknown god.
    79 | D:1      | Noticed a floating eye
   488 | D:1      | Noticed a great orb of eyes
   492 | D:1      | Noticed a floating eye
   500 | D:1      | Reached XP level 2. HP: 15/15 MP: 6/8
  1104 | D:1      | Reached XP level 3. HP: 19/19 MP: 5/10
  1296 | D:1      | Learned a level 2 spell: Scorch
  1300 | D:1      | Learned a level 3 spell: Conjure Flame
  1302 | D:1      | Learned a level 1 spell: Shock
  1764 | D:2      | Reached XP level 4. HP: 22/24 MP: 0/12
  2100 | D:2      | Reached skill level 1 in Air Magic
  2461 | D:2      | Reached XP level 5. HP: 28/28 MP: 5/13
  2531 | D:2      | Learned a level 3 spell: Swiftness
  3160 | D:3      | Found Uvvixymu's Distillery.
  3164 | D:3      | Bought a potion of heal wounds for 65 gold pieces
  3184 | D:3      | Noticed BridgetMcLeod's ghost (weakling HuGl)
  3196 | D:3      | Found a runed translucent gate.
  3196 | D:3      | Found a runed translucent gate.
  3221 | D:3      | Found a runed translucent gate.
  3910 | D:3      | Got the Reference Book on Darkness and Transformation
  4064 | D:3      | Killed BridgetMcLeod's ghost
  4065 | D:3      | Reached skill level 5 in Spellcasting
  4065 | D:3      | Reached XP level 6. HP: 24/32 MP: 3/15
  4268 | D:4      | Identified the +4 battleaxe of the Mosquito {vorpal, rPois
                  | rF+ rCorr Str+4}
  4427 | D:4      | Reached skill level 5 in Fire Magic
  4518 | D:4      | Found a sand-covered staircase.
  4522 | Ossuary  | Entered an ossuary
  4554 | Ossuary  | Mangled by a mummy

Illustrated notes

Levels and vault maps discovered:
D:1:      psy_arrival_fountain, layout_rooms,
          hellmonk_ecumenical_altar_watching_god, fountainhead,
          minmay_pentomino_s4
D:2:      layout_basic
D:3:      layout_basic, gammafunk_ghost_split, serial_shops,
          nicolae_shop_crystal
D:4:      kennysheep_slugbush, layout_cave_pools, mainiacjoe_overflow_alcove_2,
          enter_ossuary_5, minmay_statues_item, uniq_grinder, uniq_eustachio
Ossuary:  ossuary_tomb_3

Skill      XL: |  1  2  3  4  5  6 |
---------------+-------------------+-----
Conjurations   | 2 3 |  3.9
Spellcasting   | 4 5 |  5.5
Fire Magic     | 4 5 |  5.1
Air Magic      | 1 2 |  2.7
Dodging        | |  2.4
Stealth        | |  2.4

Action                   |  1- 3 |  4- 6 || total
-------------------------+-------+-------++-------
Melee: Unarmed           |       |     1 ||     1
 Cast: Foxfire           |    84 |   113 ||   197
       Scorch            |     5 |    27 ||    32
       Conjure Flame     |     2 |       ||     2
  Use: Scroll            |       |     1 ||     1
Armor: Robe              |     6 |     5 ||    11
Dodge: Dodged            |    15 |    12 ||    27
